 Dungeon Crawl Stone Soup version 0.30-a0-165-g1891117ce2 (webtiles) character file.

Game seed: 15813507110115936927

3161 ragingrage the Grappler (level 9, -4/80 HPs)
             Began as a Troll Fighter on Sept 28, 2022.
             Was a Follower of Ru.
             Killed by divine providence
             ... invoked by a meliai
              (13 damage)
             ... on level 7 of the Dungeon.
             The game lasted 00:06:51 (5688 turns).

ragingrage the Grappler (Troll Fighter)             Turns: 5688, Time: 00:06:52

Health: -4/80      AC:  5    Str: 30    XL:     9   Next: 62%
Magic:  8/8        EV: 13    Int:  4    God:    Ru [*.....]
Gold:   356        SH:  8    Dex: 15    Spells: 8/8 levels left

rFire   . . .      SeeInvis .      - Unarmed
rCold   . . .      Faith    .    b - +0 kite shield
rNeg    . . .      Spirit   .    a - +1 robe
rPois   .          Reflect  .    (helmet restricted)
rElec   .          Harm     .    u - scarf {repulsion}
rCorr   .          Rampage  .    (gloves unavailable)
Will    .....                    (boots unavailable)
Stlth   +.........               (no amulet)
HPRegen 1.03/turn                k - +6 ring of dexterity
MPRegen 0.11/turn                E - +4 ring of evasion

@: repel missiles
A: large, unfitting armour, claws 3, regeneration 1, shaggy fur 1, tough skin 1,
unskilled 1
a: Renounce Religion


You were on level 7 of the Dungeon.
You worshipped Ru.
Ru was aware of your devotion.
You visited 2 branches of the dungeon, and saw 9 of its levels.

You collected 356 gold pieces.

Inventory:

Hand Weapons
 y - the +5 short sword of Severance {elec, rPois rCorr Str+4 Int-4}
   (You found it on level 5 of the Dungeon)

   It occasionally discharges a powerful burst of electricity upon striking a
   foe.
   Str:       It affects your strength (+4).
   Int:       It affects your intelligence (-4).
   rPois:     It protects you from poison.
   rCorr:     It protects you from acid and corrosion.
Missiles
 l - 3 silver javelins
 n - 3 poisoned darts (quivered)
 o - 2 throwing nets
Armour
 a - a +1 robe (worn)
 b - a +0 kite shield (worn)
 u - a scarf of repulsion (worn)
Jewellery
 k - a +6 ring of dexterity (left claw)
 x - a ring of protection from cold
 E - a +4 ring of evasion (right claw)
Wands
 i - a wand of mindburst (5)
 B - a wand of flame (16)
Scrolls
 d - a scroll of butterflies
 p - 2 scrolls of summoning
 r - a scroll of identify
 w - 2 scrolls of fear
 A - a scroll of amnesia
 D - 3 scrolls of enchant armour
Potions
 c - 4 potions of might
 e - a potion of mutation
 f - a potion of haste
 g - 2 potions of lignification
 j - a potion of resistance
 m - a potion of brilliance
 q - 2 potions of heal wounds
 s - a potion of flight {unknown}
 t - 4 potions of curing
 v - 2 potions of degeneration
 z - a potion of invisibility {unknown}
 C - 2 potions of berserk rage


   Skills:
 + Level 2.9 Fighting
 + Level 1.9 Throwing
 - Level 2.1 Dodging
 + Level 3.2 Shields
 * Level 11.8 Unarmed Combat


You had 8 spell levels left.
You didn't know any spells.
Your spell library contained the following spells:

 Spells                   Type           Power      Damage    Failure   Level
 Magic Dart               Conj           0%         1d3       80%         1
 Call Imp                 Summ           0%         N/A       90%         2
 Mephitic Cloud           Conj/Pois/Air  0%         N/A       99%         3
 Tukima's Dance           Hex            0%         N/A       99%         3
 Passage of Golubria      Tloc           0%         N/A       100%        4
 Yara's Violent Unravell  Hex/Tmut       0%         3d3       100%        5


Dungeon Overview and Level Annotations

Branches:
Dungeon (8/15)             Temple (1/1) D:5
   Lair: D:8-11

Altars:
Ashenzari
Cheibriados
Dithmenos
Elyvilon
Fedhas
Gozag
Hepliaklqana
Kikubaaqudgha
Makhleb
Nemelex Xobeh
Okawaru
Qazlal
Ru
Sif Muna
Trog
Uskayaw
Vehumet
Wu Jian
Xom
Yredelemnul
Zin
The Shining One

Shops:
D:2 [


Innate Abilities, Weirdness & Mutations

You are too large for most types of armour.
You have claws for hands.
Your natural rate of healing is unusually fast.
You are covered in fur. (AC +1)
You have tough skin. (AC +1)
You are somewhat unskilled. (-1 Apt)


Message History

Aiming: Mindburst
Press: ? - help, Shift-Dir - straight line, f - meliai
Aim: a meliai, wielding a +0 war axe and wearing a +0 leather armour (chance to affect: 64%)
The meliai struggles to resist.
You block the meliai's attack. x2
The meliai hits you with a +0 war axe. The meliai barely misses you.
Aiming: Mindburst
Press: ? - help, Shift-Dir - straight line, f/p - meliai
Aim: a meliai, wielding a +0 war axe and wearing a +0 leather armour (chance to affect: 64%)
The meliai's mind is blasted!!
You block the meliai's attack. The meliai stings you.
The meliai hits you with a +0 war axe!
* * * LOW HITPOINT WARNING * * *
The meliai barely misses you.
Aiming: Mindburst
Press: ? - help, Shift-Dir - straight line, f/p - meliai
Aim: a meliai, wielding a +0 war axe and wearing a +0 leather armour (severely wounded, chance to affect: 64%)
The meliai struggles to resist.
You block the meliai's attack. The meliai misses you.
The meliai completely misses you.
The meliai stings you but does no damage.
Aiming: Mindburst
Press: ? - help, Shift-Dir - straight line, f/p - meliai
Aim: a meliai, wielding a +0 war axe and wearing a +0 leather armour (severely wounded, chance to affect: 64%)
The meliai struggles to resist.
The meliai barely misses you. You block the meliai's attack.
The meliai barely misses you. The meliai stings you.
* * * LOW HITPOINT WARNING * * *
You are poisoned.
The meliai poisons you!
Aiming: Mindburst
Press: ? - help, Shift-Dir - straight line, f/p - meliai
Aim: a meliai, wielding a +0 war axe and wearing a +0 leather armour (severely wounded, chance to affect: 64%)
The meliai struggles to resist.
You feel very sick.
The meliai closely misses you. x3; The meliai stings you.
* * * LOW HITPOINT WARNING * * *
You feel better. The meliai hits you with a +0 war axe!
* * * LOW HITPOINT WARNING * * *
The meliai stings you but does no damage.
The meliai mumbles some strange prayers to its god against you.
Something smites you!
You die...

#......# #####
#......# ##....
#......# #.....
#......#########.....
#......#.......#.....
#......#.#.....#.....
#......#.#..<..#...##
##...y..#.####..#.#.##
#..[.@................
#...#'#########...###.
#...#.#...........#...
#...#..##.#########.#.
#...#.............)...
#...#.###.#########.##
#...#.# #.# #...#
#...#(###.#######.###
#####.............###


You could see a meliai.

Vanquished Creatures
  Grinder (D:4)
  Prince Ribbit (D:5)
  Eustachio (D:5)
  Menkaure (D:5)
  A water moccasin (D:4)
  An orc warrior (D:6)
  An acid dragon (D:6)
  4 black bears
  An ice beast (D:5)
  An ogre (D:4)
  A centaur (D:6)
  4 phantoms
  2 scorpions (D:5)
  2 bullfrogs (D:7)
  A gnoll sergeant (D:5)
  4 wights (D:5)
  3 hounds
  A jelly (D:6)
  An orc priest (D:5)
  A gnoll bouda (D:5)
  3 iguanas
  7 orc wizards
  10 adders
  8 gnolls
  2 shadow imps
  3 worms
  6 dart slugs
  20 orcs
  8 bats
  7 endoplasms
  A giant cockroach (D:1)
  4 goblins
  9 hobgoblins
  2 quokkas
  8 ball pythons
  3 frilled lizards
  6 kobolds
  7 rats
  A butterfly (D:5)
148 creatures vanquished.

Vanquished Creatures (others)
  A water moccasin (D:6)
1 creature vanquished.

Grand Total: 149 creatures vanquished

Notes
Turn   | Place    | Note
-------+----------+-------------------------------------------
     0 | D:1      | ragingrage the Troll Fighter began the quest for the Orb.
     0 | D:1      | Reached XP level 1. HP: 22/22 MP: 0/0
    62 | D:1      | Reached XP level 2. HP: 27/29 MP: 1/1
   155 | D:1      | Reached skill level 3 in Unarmed Combat
   647 | D:1      | Reached XP level 3. HP: 36/36 MP: 2/2
   827 | D:2      | Found Ufacraq's Armour Shoppe.
   878 | D:2      | Reached skill level 4 in Unarmed Combat
   984 | D:1      | Reached XP level 4. HP: 42/44 MP: 3/3
  1586 | D:3      | You fall into a shaft and drop 3 floors!
  1608 | D:6      | Noticed an orc warrior
  1649 | D:6      | Killed an orc warrior
  1650 | D:6      | Reached skill level 5 in Unarmed Combat
  1650 | D:6      | Reached XP level 5. HP: 50/50 MP: 4/4
  1654 | D:6      | Reached skill level 6 in Unarmed Combat
  1726 | D:6      | Reached XP level 6. HP: 43/59 MP: 5/5
  1876 | D:6      | Found a snail-covered altar of Cheibriados.
  1902 | D:6      | Noticed a water moccasin
  1906 | D:5      | Entered Level 5 of the Dungeon
  1906 | D:5      | Found a staircase to the Ecumenical Temple.
  1933 | Temple   | Entered the Ecumenical Temple
  2040 | D:5      | Reached skill level 7 in Unarmed Combat
  2232 | D:4      | Reached XP level 7. HP: 65/66 MP: 6/6
  2248 | D:4      | Reached skill level 8 in Unarmed Combat
  2517 | D:4      | Noticed Grinder
  2519 | D:4      | Paralysed by Grinder for 5 turns
  2534 | D:4      | Killed Grinder
  2535 | D:4      | Reached skill level 9 in Unarmed Combat
  2579 | D:4      | Found a hide-covered altar of Uskayaw.
  2603 | D:4      | Found a sacrificial altar of Ru.
  2670 | D:4      | Became a worshipper of Ru the Awakened
  2876 | D:4      | Reached XP level 8. HP: 68/74 MP: 7/7
  3212 | D:3      | Found a faded altar of an unknown god.
  3424 | D:5      | Found a stormy altar of Qazlal.
  3528 | D:5      | Reached skill level 10 in Unarmed Combat
  3574 | D:5      | Noticed Prince Ribbit
  3617 | D:5      | Killed Prince Ribbit
  3679 | D:5      | Reached skill level 11 in Unarmed Combat
  3691 | D:5      | Noticed Eustachio
  3698 | D:5      | Killed Eustachio
  3810 | D:5      | Noticed Menkaure
  3812 | D:5      | Killed Menkaure
  3850 | D:5      | Found a broken altar of Ashenzari.
  3862 | D:5      | Reached XP level 9. HP: 69/80 MP: 8/8
  3919 | D:5      | Reached skill level 12 in Unarmed Combat
  3925 | D:5      | Gained mutation: You are somewhat unskilled. (-1 Apt) [Ru
                  | sacrifice]
  3925 | D:5      | Reduced skill Unarmed Combat to level 11
  3925 | D:5      | Reached * piety under Ru
  3996 | D:5      | Identified the +5 short sword of Severance {elec, rPois
                  | rCorr Str+4 Int-4}
  4223 | D:5      | Found a shimmering blue altar of Sif Muna.
  4715 | D:6      | Reached skill level 1 in Throwing
  5081 | D:6      | Found a burning altar of Makhleb.
  5083 | D:6      | Found a basalt altar of Yredelemnul.
  5271 | D:7      | Found a radiant altar of Vehumet.
  5271 | D:7      | Found a white marble altar of Elyvilon.
  5677 | D:8      | Noticed a meliai
  5677 | D:8      | Noticed a meliai
  5678 | D:8      | Noticed a meliai
  5688 | D:7      | Killed from afar by a meliai

Illustrated notes

Levels and vault maps discovered:
D:1:      dpeg_arrival_fog, layout_basic
D:2:      layout_rooms, serial_shops, shop, minmay_pentomino_z4
D:3:      layout_rooms, hellmonk_ecumenical_altar_heavens_door
D:4:      layout_cave_pods, mainiacjoe_overflow_alcove_4,
          mainiacjoe_overflow_small_starburst, uniq_grinder
D:5:      layout_gridville, mainiacjoe_overflow_large_starburst,
          lemuel_crystal_altar, minmay_temple_entry_butterflies, minivault_26,
          kennysheep_generic_room_16, uniq_prince_ribbit1, uniq_menkaure,
          uniq_eustachio
D:6:      layout_loops_corners, nicolae_overflow_hidden_temple, serial_rivers,
          chequers_serial_rivers_small_a, chequers_serial_rivers_small_b,
          chequers_serial_rivers_room_b, chequers_serial_rivers_small_b
D:7:      layout_basic, gammafunk_temple_overflow_statue
D:8:      layout_loops_cross, nicolae_water_bricks
Temple:   minmay_temple_bridge_abc

Skill      XL: |  1  2  3  4  5  6  7  8  9 |
---------------+----------------------------+-----
Unarmed Combat | 3 4 5 6 7 9 11 11 | 11.8
Throwing       | 1 |  1.9
Shields        | 3 |  3.2
Fighting       | |  2.9
Dodging        | |  2.1

Action                   |  1- 3 |  4- 6 |  7- 9 || total
-------------------------+-------+-------+-------++-------
Melee: Unarmed           |    96 |    95 |   226 ||   417
Throw: Javelin           |       |     6 |     1 ||     7
       Boomerang         |       |       |     4 ||     4
       Dart              |       |       |     4 ||     4
Invok: Sacrifice Skill   |       |       |     1 ||     1
Evoke: Wand              |       |     3 |     5 ||     8
  Use: Scroll            |       |    11 |     8 ||    19
       Potion            |       |       |     2 ||     2
 Stab: Sleeping          |       |     2 |       ||     2
       Distracted        |       |       |     1 ||     1
Armor: Robe              |    49 |    25 |    40 ||   114
Dodge: Dodged            |    61 |    33 |    72 ||   166
Block: Kite shield       |    57 |    31 |    87 ||   175

Table legend: (Time is in decaauts)
 A = Elapsed time spent in this place.
 B = Non-inter-level travel time spent in this place.
 C = Inter-level travel time spent in this place.
 D = Time resting spent in this place.
 E = Time spent auto-exploring this place.
 F = Levels seen in this place.
 G = Mean time per level.
                   A        B        C        D        E       F      G
               +--------+--------+--------+--------+--------+-----+--------+
         Total |   5711 |   5200 |    511 |    224 |   3729 |   9 |  634.6 |
       Dungeon |   5623 |   5147 |    476 |    224 |   3686 |   8 |  702.9 |
        Temple |     87 |     52 |     35 |      0 |     43 |   1 |   87.0 |
               +--------+--------+--------+--------+--------+-----+--------+

Top non-repeatable levels by time:
     D:4: 1162 daAuts
     D:6: 1050 daAuts
     D:5: 1027 daAuts
     D:1: 987 daAuts
     D:7: 527 daAuts
     D:2: 433 daAuts
     D:3: 432 daAuts
  Temple: 87 daAuts
     D:8: 1 daAuts
